 Dungeon Crawl Stone Soup version 0.30-b1-2-g02819fbbbe (webtiles) character file.

Game seed: 14698403334559540678

653 Meagre the Slasher (level 7, -7/52 HPs)
             Began as a Demonspawn Gladiator on June 21, 2023.
             Was a Follower of Uskayaw.
             Killed by divine providence
             ... invoked by an orc priest
              (12 damage)
             ... on level 5 of the Dungeon.
             The game lasted 00:06:15 (3856 turns).

Meagre the Slasher (Demonspawn Gladiator)           Turns: 3856, Time: 00:06:17

Health: -7/52      AC:  4    Str: 14    XL:     7   Next: 29%
Magic:  5/7        EV: 13    Int: 11    God:    Uskayaw [*.....]
Gold:   230        SH:  0    Dex: 17    Spells: 6/6 levels left

rFire   . . .        a - +0 long sword
rCold   . . .        (no shield)
rNeg    . . .        b - +0 leather armour
rPois   .            (helmet restricted)
rElec   .            (no cloak)
rCorr   .            (no gloves)
SInv    .            x - +0 pair of boots
Will    .....        (no amulet)
Stlth   ++           (no ring)
HPRegen 0.28/turn    (no ring)
MPRegen 0.20/turn

%: no passive effects
@: no status effects
A: antennae 1, magic regeneration, big brain 1, condensation shield
a: Renounce Religion, Stomp


You were on level 5 of the Dungeon.
You worshipped Uskayaw.
Uskayaw was noncommittal.
You visited 2 branches of the dungeon, and saw 6 of its levels.
You also visited: Sewer.

You collected 281 gold pieces.
You spent 51 gold pieces at shops.

Inventory:

Hand Weapons
 a - a +0 long sword (weapon)
Missiles
 d - 3 throwing nets
 e - 7 javelins
 l - 8 poisoned darts (quivered)
Armour
 b - a +0 leather armour (worn)
 x - a +0 pair of boots (worn)
Jewellery
 v - an amulet of magic regeneration
Wands
 t - a wand of iceblast (10)
 u - a wand of acid (13)
Scrolls
 h - 7 scrolls of teleportation
 i - 2 scrolls of fear
 j - 3 scrolls of magic mapping
 n - 2 scrolls of blinking {unknown}
 p - a scroll of noise {unknown}
 q - a scroll of fog {unknown}
 s - a scroll of immolation {unknown}
Potions
 c - a potion of lignification {unknown}
 f - 2 potions of haste
 g - 3 potions of curing
 k - a potion of resistance {unknown}
 m - 3 potions of magic {unknown}
 o - a potion of invisibility
 r - a potion of heal wounds {unknown}
 w - a potion of flight {unknown}
 z - a potion of cancellation {unknown}
 A - a potion of might {unknown}


   Skills:
 + Level 3.1 Fighting
 * Level 5.8 Long Blades
 + Level 1.8 Throwing
 + Level 2.0 Armour
 * Level 3.9 Dodging
 + Level 2.2 Stealth
 + Level 0.6 Shields


You had 6 spell levels left.
You didn't know any spells.
Your spell library contained the following spells:

 Spells                   Type           Power      Damage    Failure   Level
 Freeze                   Ice            0%         1d3       41%         1
 Frozen Ramparts          Ice            0%         1d1       78%         3
 Hailstorm                Conj/Ice       0%         3d3       78%         3
 Alistair's Intoxication  Tmut/Pois      0%         N/A       100%        5
 Borgnjor's Vile Clutch   Necr/Erth      0%         N/A       100%        5
 Eringya's Noxious Bog    Tmut/Pois      0%         N/A       100%        6
 Malign Gateway           Summ/Tloc      0%         N/A       100%        7
 Summon Horrible Things   Summ           0%         N/A       100%        8


Dungeon Overview and Level Annotations

Branches:
Dungeon (5/15)             Temple (1/1) D:5           Sewer (visited)

Altars:
Cheibriados
Dithmenos
Fedhas
Makhleb
Nemelex Xobeh
Okawaru
Qazlal
Ru
Sif Muna
Trog
Uskayaw
Wu Jian
Xom
Yredelemnul

Shops:
D:2 *

Annotations:
D:5 Blork the orc


Innate Abilities, Weirdness & Mutations

You have a pair of small antennae on your head.
You regenerate magic rapidly.
You have an unusually large brain. (Int +2)
A meltable shield of frost defends you. (SH +0)


Message History

Blork the orc is lightly wounded.
Blork the orc hits you with a +2 halberd of protection!
You stomp with the beat, sending a shockwave through the revellers around you!
Blork the orc is heavily wounded.
You can no longer stomp with the beat.
Blork the orc miscasts a cantrip.
Blork the orc begins to cast a cantrip, but forgets the words!
Unknown command.
Okay, then.
You hit Blork the orc.
Blork the orc is heavily wounded.
Blork the orc barely misses you.
Blork the orc grins evilly.
Blork the orc completely misses you.
You hit Blork the orc but do no damage.
Blork the orc is heavily wounded.
Blork the orc barely misses you.
You hit Blork the orc but do no damage.
Blork the orc is heavily wounded.
Blork the orc screams, "I don't like you!"
Blork the orc gestures at you while chanting.
The puff of flame hits you but does no damage.
Blork the orc hits you with a +2 halberd of protection.
The orc priest shouts!
You hit Blork the orc.
Blork the orc is severely wounded.
You hear a shout! x2
Blork the orc barely misses you.
Blork the orc looks braver for a moment.
You hit Blork the orc.
Blork the orc is severely wounded.
Blork the orc looks braver for a moment.
You can now stomp with the beat.
You hit Blork the orc.
Blork the orc is almost dead.
Blork the orc hits you with a +2 halberd of protection!
* * * LOW HITPOINT WARNING * * *
The orc priest mumbles some strange prayers to Beogh against you.
Beogh smites you!
You die...

.## #. ..## #.# ..### #.#
########o..# ########.#
..^....#o#.# .........##
#.......#.#.# ...$......
.#.o.....#....
.........#######..^o.._........
..........()..@o..#.......#....
.........########.#......!#...[
....(....#### .......#....
............# ###^####.###
............## ... ..#
.............# ### ##.#
#####........# .# #........#
#........#


You could see Blork the orc (fast), an orc priest and an orc.

Vanquished Creatures
  Pargi (Sewer)
  A black bear (Temple)
  An ogre (D:5)
  A phantom (D:5)
  2 hounds
  A gnoll bouda (D:5)
  An iron imp (D:4)
  Terence (D:2)
  4 gnolls (D:5)
  A river rat (D:5)
  4 adders
  An ufetubus (D:5)
  3 worms
  3 dart slugs (D:3)
  3 orcs
  6 endoplasms
  2 giant cockroaches
  4 goblins
  7 hobgoblins
  7 kobolds
  A quokka (D:1)
  2 ball pythons
  6 bats
  2 frilled lizards (D:3)
  3 rats
  A spectral orc (D:4)
69 creatures vanquished.

Vanquished Creatures (others)
  A toadstool (D:1)
1 creature vanquished.

Grand Total: 70 creatures vanquished

Notes
Turn   | Place    | Note
-------+----------+-------------------------------------------
     0 | D:1      | Meagre the Demonspawn Gladiator began the quest for the
                  | Orb.
     0 | D:1      | Reached XP level 1. HP: 16/16 MP: 1/1
   172 | D:1      | Reached skill level 3 in Long Blades
   172 | D:1      | Gained mutation: You have a pair of small antennae on your
                  | head. [demonic ancestry]
   172 | D:1      | Reached XP level 2. HP: 21/22 MP: 2/2
  1021 | D:2      | Noticed Terence
  1066 | D:2      | Killed Terence
  1067 | D:2      | Gained mutation: A meltable shield of frost defends you.
                  | (SH +0) [demonic ancestry]
  1067 | D:2      | Reached XP level 3. HP: 19/27 MP: 3/3
  1339 | D:2      | Found Jecwirin's Assorted Antiques.
  1354 | D:2      | Bought 3 scrolls labelled BOYRUB BODODD for 51 gold pieces
  1457 | D:3      | Found a stormy altar of Qazlal.
  1481 | D:3      | Reached XP level 4. HP: 30/33 MP: 4/4
  1725 | D:3      | Reached skill level 4 in Long Blades
  1791 | D:3      | Found a blossoming altar of Fedhas.
  1799 | D:3      | Found a shimmering blue altar of Sif Muna.
  1804 | D:3      | Found a shadowy altar of Dithmenos.
  1817 | D:3      | Found a hide-covered altar of Uskayaw.
  1828 | D:3      | Found an ornate altar of the Wu Jian Council.
  1836 | D:3      | Found a burning altar of Makhleb.
  1848 | D:3      | Became a worshipper of Uskayaw the Reveller
  1964 | D:4      | Reached * piety under Uskayaw
  1974 | D:4      | Reached skill level 1 in Armour
  2234 | D:4      | Found a basalt altar of Yredelemnul.
  2361 | D:4      | Found a snail-covered altar of Cheibriados.
  2379 | D:4      | Gained mutation: You regenerate magic rapidly. [demonic
                  | ancestry]
  2379 | D:4      | Reached XP level 5. HP: 26/39 MP: 5/5
  2519 | D:4      | Found a sacrificial altar of Ru.
  2617 | D:5      | Entered Level 5 of the Dungeon
  2619 | D:5      | Found a shimmering altar of Xom.
  2685 | D:5      | Found a glowing drain.
  2695 | D:5      | Reached ** piety under Uskayaw
  2703 | D:5      | Reached *** piety under Uskayaw
  2716 | Sewer    | Entered a sewer
  2768 | Sewer    | Noticed Pargi
  2778 | Sewer    | Reached **** piety under Uskayaw
  2780 | Sewer    | Killed Pargi
  2781 | Sewer    | Reached skill level 5 in Long Blades
  3019 | D:5      | Reached XP level 6. HP: 34/46 MP: 6/6
  3051 | D:5      | Reached skill level 1 in Stealth
  3238 | D:5      | Found a bloodstained altar of Trog.
  3239 | D:5      | Noticed Blork the orc
  3376 | D:5      | Found a staircase to the Ecumenical Temple.
  3385 | Temple   | Entered the Ecumenical Temple
  3501 | D:5      | Gained mutation: You have an unusually large brain. (Int
                  | +2) [demonic ancestry]
  3501 | D:5      | Reached XP level 7. HP: 12/52 MP: 7/7
  3856 | D:5      | Killed from afar by an orc priest

Illustrated notes

Levels and vault maps discovered:
D:1:      nagdon_arrival_zigzag_paths, layout_basic, nrook_mini_backslash,
          chequers_avenue
D:2:      layout_rooms, serial_shops, shop, uniq_terence
D:3:      layout_rooms, grunt_temple_overflow_octagram, general_overflow_altar
D:4:      layout_cave_pools, nicolae_ru_path_of_blood, chei_slow_surprise,
          yredelemnul_forgotten_temple_becter
D:5:      layout_basic, lemuel_tele_altar, mainiacjoe_overflow_catwalk,
          minmay_temple_entry_statues_fountains, cheibrodos_sewer_entry_sluice,
          uniq_blork_the_orc
Temple:   hellmonk_temple_of_storms

Skill      XL: |  1  2  3  4  5  6  7 |
---------------+----------------------+-----
Long Blades    | 3 4 5 |  5.8
Dodging        | 3 |  3.9
Armour         | 1 2 |  2.0
Stealth        | 2 |  2.2
Fighting       | 3 |  3.1
Throwing       | |  1.8
Shields        | |  0.6

Action                     |  1- 3 |  4- 6 |  7- 9 || total
---------------------------+-------+-------+-------++-------
  Melee: Long sword        |    72 |   157 |    22 ||   251
         Punch             |       |     4 |     1 ||     5
  Throw: Dart              |     7 |       |       ||     7
 Invoke: Stomp             |       |     1 |     1 ||     2
         Line Pass         |       |     1 |       ||     1
    Use: Scroll            |     4 |     2 |       ||     6
         Potion            |       |     1 |       ||     1
   Stab: Sleeping          |     1 |     3 |     1 ||     5
         Paralysed         |       |     4 |       ||     4
         Invisible         |       |     3 |       ||     3
 Armour: Leather armour    |    14 |    35 |     2 ||    51
  Dodge: Dodged            |    55 |   119 |    13 ||   187
  Block: Other             |     3 |    35 |     2 ||    40
